 Dungeon Crawl Stone Soup version 0.24.0-1-gfbc8707 (webtiles) character file.

Game seed: 4828917216987970161, levelgen mode: deterministic

53 Fang the Skirmisher (level 3, -3/24 HPs)
             Began as a Gargoyle Berserker on Oct 29, 2019.
             Was a Believer of Trog.
             Slain by Natasha (5 damage)
             ... on level 2 of the Dungeon.
             The game lasted 00:00:35 (698 turns).

Fang the Skirmisher (Gargoyle Berserker)             Turns: 698, Time: 00:00:36

Health: -3/24      AC:  5    Str: 21    XL:     3   Next: 89%
Magic:  3/3        EV: 12    Int:  7    God:    Trog [**....]
Gold:   27         SH:  0    Dex:  9    Spells: 2/2 levels left

rFire    . . .     SeeInvis .   a - +0 hand axe
rCold    . . .     Gourm    .   (no shield)
rNeg     + . .     Faith    .   b - +0 animal skin
rPois    ∞         Spirit   .   (no helmet)
rElec    +         Reflect  .   (no cloak)
rCorr    .         Harm     .   (no gloves)
MR       ++...                  (no boots)
Stlth    +.........             (no amulet)
HPRegen  1.08/turn              (no ring)
MPRegen  0.08/turn              (no ring)

@: berserk cooldown, regenerating, slowed, very slow
A: negative energy resistance 1, electricity resistance, unbreathing,
petrification resistance, rot immunity, AC +3
a: Berserk, Trog's Hand, Renounce Religion


You were on level 2 of the Dungeon.
You worshipped Trog.
Trog was pleased with you.
You were hungry.

You visited 1 branch of the dungeon, and saw 2 of its levels.

You collected 27 gold pieces.

Inventory:

Hand Weapons
 a - a +0 hand axe (weapon)
Armour
 b - a +0 animal skin (worn)
Scrolls
 d - 2 scrolls of identify {unknown}
 f - a scroll of amnesia {unknown}
 g - a scroll of magic mapping {unknown}
 h - 2 scrolls of remove curse {unknown}
Potions
 e - a potion of degeneration {unknown}
 j - a potion of might {unknown}
Comestibles
 c - 5 rations
 i - 5 chunks of flesh


   Skills:
 + Level 3.9 Fighting
 + Level 3.1 Axes
 + Level 2.9 Armour
 + Level 2.1 Dodging


You had 2 spell levels left.
You didn't know any spells.
Your spell library was empty.

Dungeon Overview and Level Annotations

Branches:
Dungeon (1/15)

Altars:

Annotations:
D:2 Natasha


Innate Abilities, Weirdness & Mutations

You are resistant to torment.
Your stone body is resilient. (AC +3)
You are immune to poison.
You resist negative energy. (rN+)
You are resistant to electric shocks. (rElec)
You can survive without breathing.
You are immune to petrification.
You are immune to rotting.


Message History

Items here: % ) [ ÷ a +0 dagger; a +0 plate armour; 2 chunks of flesh; a goblin skeleton Natasha is nearby!
Your skin crawls.
You feel resistant to hostile enchantments.
You feel somewhat more hungry.
You see here a +0 club.
Natasha stares at you and mumbles some strange words.
The magic dart hits you.
* * * LOW HITPOINT WARNING * * *
Natasha growls.
Natasha casts a spell at you. You resist with almost no effort.
Found a spear.
Natasha casts a spell.
You feel the effects of Trog's Hand fading.
Natasha claws you!
* * * LOW HITPOINT WARNING * * *
Natasha claws you.
You die...

..# #
##################.###.##
...........).............
######.##########........
#####........ #....#..<..
#........# #.)..# ....
#...#.#..# #.)÷.#.....
#...#.##.# #.h.........
....##.#.# ##.@5...#....
.....#.#.# #.......# #.
.....)...# #.......#
....##+##### #..........
##.........# #...#......
##.........# #.........#
##.........# #....#....#
#<.........# #..). .#..#
##....[....# ##.###.##.#


You could see Natasha and a crimson imp.

Vanquished Creatures
  Natasha (D:2)
  An ooze (D:1)
  A leopard gecko (D:1)
  3 bats
  5 goblins
  2 hobgoblins (D:2)
  4 jackals (D:1)
  A quokka (D:2)
  A kobold (D:2)
  3 rats (D:1)
22 creatures vanquished.

Notes
Turn   | Place    | Note
-------+----------+-------------------------------------------
     0 | D:1      | Fang the Gargoyle Berserker began the quest for the Orb.
     0 | D:1      | Reached XP level 1. HP: 14/14 MP: 1/1
   300 | D:1      | Reached XP level 2. HP: 11/19 MP: 2/2
   504 | D:1      | You fall into a shaft and drop 1 floor!
   639 | D:2      | Reached XP level 3. HP: 19/24 MP: 3/3
   662 | D:2      | Reached ** piety under Trog
   671 | D:2      | Noticed Natasha
   685 | D:2      | Killed Natasha
   691 | D:2      | Noticed Natasha
   698 | D:2      | Slain by Natasha

Levels and vault maps discovered:
D:1:      dpeg_arrival_court, layout_basic
D:2:      layout_basic, kennysheep_slug_shrine, first_ration,
          minmay_pentomino_s2, uniq_natasha

Skill      XL: |  1  2  3 |
---------------+----------+-----
Axes           | 3 |  3.1
Dodging        | 2 |  2.1
Fighting       | |  3.9
Armour         | |  2.9

Action                   || total
-------------------------++-------
Melee: Hand axe          ||    81
Invok: Berserk           ||     1
       Trog's Hand       ||     1
 Stab: Sleeping          ||     1
Armor: Animal skin       ||    31
Dodge: Dodged            ||    75
